 Dungeon Crawl Stone Soup version 0.18.1-5-g4a78601 (webtiles) character file.

8043 Gargoyl the Protected (level 11, -9/87 HPs)
             Began as a Demonspawn Abyssal Knight on May 12, 2016.
             Was the Champion of Lugonu.
             Mangled by Gastronok (24 damage)
             ... on level 1 of the Lair of Beasts.
             The game lasted 00:34:04 (14689 turns).

Gargoyl the Protected (Demonspawn Abyssal Knight)  Turns: 14689, Time: 00:34:04

Health: -9/87      AC: 18    Str: 20    XL:     11   Next: 4%
Magic:  12/12      EV: 10    Int: 13    God:    Lugonu [******]
Gold:   400        SH:  4    Dex: 11    Spells: 0 memorised, 10 levels left

rFire  . . .     SeeInvis .     D - +3 battleaxe (freeze)
rCold  . . .     Gourm    .     q - +2 plate armour
rNeg   . . .     Faith    .     (shield currently unavailable)
rPois  .         Spirit   .     (helmet restricted)
rElec  .         Dismiss  .     (no cloak)
rCorr  .         Reflect  +     (no gloves)
SustAt .         Harm     .     r - +2 pair of boots
MR     .....                    I - +4 amulet of reflection
Stlth  ..........               o - +2 ring of evasion
                                l - +4 ring of strength

@: not resistant to hostile enchantments, extremely unstealthy
A: antennae 2, hooves 1, yellow scales 2, camouflage 1, clumsy 1, deformed body
a: Depart the Abyss, Bend Space, Banish, Corrupt, Enter the Abyss, Brand Weapon
With Distortion, Renounce Religion


You were on level 1 of the Lair of Beasts.
You worshipped Lugonu.
Lugonu was exalted by your worship.
You were not hungry.

You visited 2 branches of the dungeon, and saw 12 of its levels.
You visited the Abyss 1 time.
You also visited: Ossuary.

You collected 400 gold pieces.

Inventory:

Hand Weapons
 w - a +0 blowgun
 D - a +3 battleaxe of freezing (weapon)
 J - a cursed +0 dire flail
 O - a +0 battleaxe
Missiles
 n - 25 tomahawks (quivered)
 x - 9 poisoned needles
Armour
 q - a +2 plate armour (worn)
 r - a +2 pair of boots (worn)
Jewellery
 e - an uncursed ring of protection from fire
 g - an uncursed ring of positive energy
 l - a +4 ring of strength (left hand)
 o - a +2 ring of evasion (right hand)
 B - an uncursed ring of sustain attributes
 I - a +4 amulet of reflection (around neck)
Wands
 F - a wand of flame (22/48)
 K - a wand of lightning (10/15)
 M - a wand of slowing (21/48)
Scrolls
 h - a scroll of recharging
 i - 8 scrolls of teleportation
 k - 4 scrolls of remove curse
 y - 5 scrolls of identify
 A - 3 scrolls of blinking
 G - 2 scrolls of fog
 R - a scroll of magic mapping
Potions
 d - 5 potions of curing
 f - 2 potions of flight
 p - 2 potions of cancellation
 t - 2 potions of lignification
 v - a potion of heal wounds
 P - a potion of agility
Books
 m - a Young Poisoner's Handbook

   Spells                             Type                      Level
   a - Sting                          Conjuration/Poison           1
   b - Cure Poison                    Poison                       2
   c - Mephitic Cloud                 Conjuration/Poison/Air       3
   d - Olgreb's Toxic Radiance        Poison                       4
   e - Venom Bolt                     Conjuration/Poison           5
 u - a book of Envenomations

   Spells                             Type                      Level
   a - Spider Form                    Transmutation/Poison         3
   b - Olgreb's Toxic Radiance        Poison                       4
   c - Alistair's Intoxication        Transmutation/Poison         5
   d - Poisonous Cloud                Conjuration/Poison/Air       6
 z - a book of the Tempests

   Spells                             Type                      Level
   a - Static Discharge               Conjuration/Air              3
   b - Lightning Bolt                 Conjuration/Air              5
   c - Fireball                       Conjuration/Fire             5
   d - Tornado                        Air                          9
   e - Shatter                        Earth                        9
 C - a book of Death

   Spells                             Type                      Level
   a - Corpse Rot                     Necromancy                   2
   b - Sublimation of Blood           Necromancy                   2
   c - Agony                          Necromancy                   5
   d - Dispel Undead                  Necromancy                   5
   e - Excruciating Wounds            Charms/Necromancy            5
   f - Bolt of Draining               Conjuration/Necromancy       5
 E - a book of the Dragon

   Spells                             Type                      Level
   a - Flame Tongue                   Conjuration/Fire             1
   b - Cause Fear                     Hexes                        4
   c - Bolt of Fire                   Conjuration/Fire             6
   d - Dragon Form                    Transmutation                7
   e - Dragon's Call                  Summoning                    9
 H - a book of Party Tricks

   Spells                             Type                      Level
   a - Summon Butterflies             Summoning                    1
   b - Apportation                    Translocation                1
   c - Tukima's Dance                 Hexes                        3
   d - Alistair's Intoxication        Transmutation/Poison         5
   e - Invisibility                   Hexes                        6
Comestibles
 a - 3 slices of pizza
 b - a beef jerky
 c - 8 bread rations
 j - 7 meat rations


   Skills:
 + Level 8.3 Fighting
 + Level 8.4 Axes
 + Level 1.9 Throwing
 * Level 10.6 Armour
 + Level 3.3 Dodging
 + Level 1.4 Stealth
 + Level 2.6 Invocations


You had 10 spell levels left.
You didn't know any spells.

Dungeon Overview and Level Annotations

Branches:
Dungeon (11/15)            Temple (0/1) D:5            Lair (1/8) D:11
    Orc: D:9-12

Altars:
Ashenzari
Cheibriados
Dithmenos
Gozag
Makhleb
Pakellas
Sif Muna
Vehumet
Yredelemnul

Shops:
D:8 :

Annotations:
Lair:1 Gastronok


Innate Abilities, Weirdness & Mutations

You have a pair of antennae on your head.
You are mostly covered in yellow scales (AC +3).
You have large cloven feet.
Your skin changes colour to match your surroundings (Stealth).
You are clumsy. (Dex -2)
Armour fits poorly on your strangely shaped body.


Message History

Unknown command.
Unknown command.
Unknown command.
You slice Gastronok!! You freeze Gastronok.
Gastronok is almost dead.
You barely miss the quokka. You hit the river rat but do no damage.
You block the river rat's attack. The quokka barely misses you.
Gastronok waves his eye-stalks in wide circles.
The air twists around and strikes you!
* * * LOW HITPOINT WARNING * * *
You hit Gastronok but do no damage.
Gastronok is almost dead.
You slash the quokka! You freeze the quokka.
You kill the quokka!
The quokka's corpse disappears in a puff of smoke!
You slash the river rat! You freeze the river rat.
You kill the river rat!
The river rat's corpse disappears in a puff of smoke!
The bat barely misses you. Gastronok bites you!!
You die...

+###...#### . ...?.....
.... ........ ... ......
.. ## #...# #. ###.#
#...# #. #....##††.#
####### #. .##..b§#....#
#.....# #.
......w@....###.....###.
..#...§##...'........#..
............##......###.
.P#....##...###.....###.
....... #....###.##..##.
.###... #...## ####.###.
##.# P...# #####+.#.. ..
..$..............
....>.............


You could see Gastronok and a bat.

Vanquished Creatures
  A hill giant (D:10)
  Pikel (D:4)
  A komodo dragon (D:11)
  A troll (D:9)
  Prince Ribbit (D:5)
  The ghost of Gottschkopf the Vexing, an amateur HuEn (D:3)
  Sigmund (D:4)
  4 wraiths
  Menkaure (D:7)
  2 water moccasins (Lair:1)
  4 orc warriors
  3 ice beasts
  2 necrophages (D:7)
  3 sky beasts
  A phantom (D:10)
  An ogre (D:8)
  A crocodile (Lair:1)
  3 centaurs
  Blork the orc (D:6)
  An elf zombie (D:7)
  6 giant frogs
  An elf skeleton (D:7)
  A wyvern skeleton (D:9)
  3 scorpions
  5 killer bees (D:9)
  8 wights
  A howler monkey (D:5)
  4 crimson imps
  4 hounds
  3 giant frog zombies
  A quasit (D:8)
  5 centaur zombies
  7 orc priests
  3 jellies
  3 human zombies (D:7)
  A giant frog skeleton (D:6)
  12 orc wizards
  Terence (D:3)
  An iguana (D:4)
  A human skeleton (D:7)
  12 worker ants
  4 big kobold zombies (Ossuary)
  A hound zombie (D:10)
  6 mummies (Ossuary)
  2 hound skeletons
  A worker ant zombie (D:7)
  A howler monkey skeleton (D:5)
  10 adders
  5 river rats (Lair:1)
  3 gnolls (D:8)
  2 shadow imps
  5 oozes
  4 worms
  4 dart slugs
  4 giant geckos
  40 orcs
  8 bats
  8 giant cockroaches
  12 goblins
  9 hobgoblins
  10 jackals
  6 quokkas
  4 ball pythons
  7 giant newts
  14 kobolds
  3 rats
  A fungus (Lair:1)
  3 plants (D:11)
294 creatures vanquished.

Vanquished Creatures (others)
  A slave (D:4)
  A centaur (D:8)
  An orc wizard (D:4)
  A worker ant (D:4)
  A fungus (Lair:1)
5 creatures vanquished.

Grand Total: 299 creatures vanquished

Notes
Turn   | Place    | Note
--------------------------------------------------------------
     0 | Abyss:1  | Gargoyl the Demonspawn Abyssal Knight began the quest for the Orb.
     0 | Abyss:1  | Reached XP level 1. HP: 18/18 MP: 2/2
    16 | Abyss:2  | Noticed a large abomination
    26 | Abyss:2  | Noticed a small abomination
    40 | D:1      | Escaped the Abyss
   397 | D:1      | Gained mutation: You have a pair of small antennae on your head. [demonic ancestry]
   397 | D:1      | Reached XP level 2. HP: 14/24 MP: 3/3
   622 | D:1      | Reached * piety under Lugonu
  1006 | D:1      | Reached skill level 1 in Dodging
  1076 | D:1      | Reached skill level 2 in Armour
  1218 | D:1      | Reached XP level 3. HP: 16/29 MP: 4/4
  2001 | D:2      | Reached ** piety under Lugonu
  2264 | D:2      | Found a burning altar of Makhleb.
  2280 | D:2      | Reached XP level 4. HP: 13/37 MP: 5/5
  2564 | D:2      | Found a shadowy altar of Dithmenos.
  3142 | D:2      | Reached skill level 3 in Armour
  3142 | D:2      | Reached XP level 5. HP: 14/42 MP: 6/6
  3416 | D:3      | Noticed Terence
  3425 | D:3      | Killed Terence
  3556 | D:3      | Noticed Gottschkopf's ghost (amateur HuEn)
  3610 | D:3      | Killed Gottschkopf's ghost
  3610 | D:3      | Reached skill level 4 in Armour
  3610 | D:3      | Reached XP level 6. HP: 26/48 MP: 7/7
  4009 | D:3      | Reached *** piety under Lugonu
  5167 | D:4      | Gained mutation: You have a pair of antennae on your head. [demonic ancestry]
  5167 | D:4      | Reached XP level 7. HP: 51/55 MP: 8/8
  5282 | D:4      | Noticed Pikel
  5326 | D:4      | Killed Pikel
  5326 | D:4      | Reached skill level 5 in Fighting
  5326 | D:4      | Reached skill level 5 in Armour
  5560 | D:4      | Reached XP level 8. HP: 53/62 MP: 9/9
  5651 | D:4      | Found a snail-covered altar of Cheibriados.
  5695 | D:4      | Reached skill level 6 in Armour
  5762 | D:4      | Found an oddly glowing altar of Pakellas.
  5763 | D:4      | Found an opulent altar of Gozag.
  5827 | D:5      | Entered Level 5 of the Dungeon
  5846 | D:5      | Reached **** piety under Lugonu
  6171 | D:5      | Noticed Prince Ribbit
  6182 | D:5      | Noticed Sigmund
  6423 | D:4      | Killed Sigmund
  6423 | D:4      | Reached skill level 5 in Axes
  6552 | D:5      | Killed Prince Ribbit
  6552 | D:5      | Reached skill level 7 in Armour
  7341 | D:5      | Reached XP level 9. HP: 44/69 MP: 10/10
  7594 | D:5      | Found a staircase to the Ecumenical Temple.
  7729 | D:5      | Reached skill level 8 in Armour
  8100 | D:6      | Noticed Blork the orc
  8108 | D:6      | Killed Blork the orc
  8214 | D:6      | Found a radiant altar of Vehumet.
  8221 | D:6      | Reached ***** piety under Lugonu
  8599 | D:7      | Gained mutation: Armour fits poorly on your strangely shaped body. [mutagenic meat]
  8600 | D:7      | Gained mutation: Scrolls take you a little longer to read. [mutagenic meat]
  8601 | D:7      | Gained mutation: You have large cloven feet. [mutagenic meat]
  8876 | D:7      | Reached skill level 1 in Stealth
  9065 | D:7      | Found a basalt altar of Yredelemnul.
  9196 | D:7      | Reached skill level 9 in Armour
  9217 | D:7      | Noticed Menkaure
  9228 | D:7      | Killed Menkaure
  9407 | D:8      | Found Ymne's Book Emporium.
  9530 | D:8      | Found a shattered altar of Ashenzari.
  9640 | D:8      | Found a sand-covered staircase.
  9668 | Ossuary  | Entered an ossuary
  9678 | Ossuary  | Gained mutation: You are partially covered in yellow scales (AC +2). [demonic ancestry]
  9678 | Ossuary  | Reached XP level 10. HP: 46/79 MP: 11/11
 11017 | D:8      | Found a deep blue altar of Sif Muna.
 12470 | D:9      | Reached skill level 1 in Throwing
 13325 | D:10     | Entered Level 10 of the Dungeon
 13345 | D:10     | Reached skill level 10 in Armour
 13396 | D:10     | Noticed a hill giant
 13402 | D:10     | Killed a hill giant
 13932 | D:10     | Lost mutation: Scrolls take you a little longer to read. [mutagenic meat]
 13933 | D:10     | Gained mutation: Your skin changes colour to match your surroundings (Stealth). [mutagenic meat]
 13934 | D:10     | Gained mutation: You are clumsy. (Dex -2) [mutagenic meat]
 14252 | D:11     | Found a staircase to the Lair.
 14270 | D:11     | Gained mutation: You are mostly covered in yellow scales (AC +3). [demonic ancestry]
 14270 | D:11     | Reached XP level 11. HP: 40/86 MP: 12/12
 14459 | Lair:1   | Entered Level 1 of the Lair of Beasts
 14672 | Lair:1   | Noticed Gastronok
 14672 | Lair:1   | Reached ****** piety under Lugonu
 14689 | Lair:1   | Mangled by Gastronok

Skill      XL: |  1  2  3  4  5  6  7  8  9 10 |
---------------+-------------------------------+-----
Axes           | 2 3 4 5 6 8 |  8.4
Dodging        | 1 2 3 |  3.3
Armour         | 2 3 4 5 7 9 10 | 10.6
Fighting       | 4 5 7 8 |  8.3
Stealth        | 1 |  1.4
Throwing       | 1 |  1.9
Invocations    | |  2.6

Action                   |  1- 3 |  4- 6 |  7- 9 | 10-12 || total
-------------------------+-------+-------+-------+-------++-------
Melee: Hand axe          |   174 |   220 |       |       ||   394
       War axe           |       |    60 |   275 |       ||   335
       Flail             |       |       |     4 |       ||     4
       Battleaxe         |       |       |   157 |   370 ||   527
 Fire: Blowgun           |       |       |    10 |       ||    10
Throw: Tomahawk          |       |       |     2 |    15 ||    17
Invok: Depart the Abyss  |     1 |       |       |       ||     1
  Use: Potion            |     1 |     7 |     5 |     4 ||    17
       Scroll            |       |    10 |    11 |     1 ||    22
  Eat: Chunk             |     5 |     9 |    18 |     9 ||    41
       Fruit             |       |     1 |       |    10 ||    11
       Royal jelly       |       |       |       |     1 ||     1
Armor: Leather armour    |    20 |       |       |       ||    20
       Ring mail         |    64 |       |       |       ||    64
       Plate armour      |    27 |   190 |   421 |   216 ||   854
       Skin              |       |    23 |       |       ||    23
Dodge: Dodged            |   111 |   120 |   203 |   207 ||   641
Block: Other             |       |       |    23 |    95 ||   118
       Reflection        |       |       |       |     6 ||     6
